 Dungeon Crawl Stone Soup version 0.31-a0-1001-g770356a28f (webtiles) character file.

Game seed: 1294617349848263690

365 Turgor the Changeling (level 6, 0/51 HPs)
             Began as a Draconian Shapeshifter on Nov 7, 2023.
             Slain by Eustachio
             ... wielding a +4 rapier
              (5 damage)
             ... on level 4 of the Dungeon on Nov 8, 2023.
             The game lasted 00:11:53 (2977 turns).

Turgor the Changeling (Draconian Shapeshifter)      Turns: 2977, Time: 00:11:54

Health: 0/51       AC:  6    Str: 17    XL:     6   Next: 40%
Magic:  6/6        EV: 12    Int: 10    God:
Gold:   148        SH:  0    Dex: 12    Spells: 3/5 levels left

rFire   . .          .
                       - Unarmed
rCold   . . .        (no shield)
rNeg    . . .        (body armour unavailable)
rPois   .            (helmet currently unavailable)
rElec   .            (cloak currently unavailable)
rCorr   .            (gloves currently unavailable)
SInv    .            (boots currently unavailable)
Will    .....        (no amulet)
Stlth   +            (no ring)
HPRegen 0.28/turn    (no ring)
MPRegen 0.10/turn

%: no passive effects
@: about to teleport, beast-form, weak-willed
A: beast (slay +2), AC +6, unfitting armour, cold-blooded
a: Begin Untransformation


You were on level 4 of the Dungeon.
You were a hulking beast.
You visited 1 branch of the dungeon, and saw 5 of its levels.

You collected 148 gold pieces.

Inventory:

Jewellery
 m - a ring of wizardry
Talismans
 b - a beast talisman
 c - a flux talisman
Wands
 q - a wand of roots (12)
Scrolls
 d - 2 scrolls of vulnerability
 k - 2 scrolls of fog
 l - 2 scrolls of revelation
Potions
 a - a potion of lignification
 e - 3 potions of enlightenment
 i - a potion of might
 j - a potion of invisibility
 o - a potion of attraction
 p - a potion of haste


   Skills:
 + Level 3.2 Fighting
 + Level 3.1 Dodging
 + Level 4.1 Unarmed Combat
 * Level 4.8 Shapeshifting


You had 3 spell levels left.
You knew the following spells:

 Your Spells              Type           Power      Damage    Failure   Level
a - Wereblood             Tmut           0%         N/A       50%         2

Your spell library contained the following spells:

 Spells                   Type           Power      Damage    Failure   Level
 Apportation              Tloc           0%         N/A       36%         1
 Necrotise                Necr           0%         1d4       36%         1
 Summon Small Mammal      Summ           0%         N/A       36%         1
 Sublimation of Blood     Necr           0%         N/A       50%         2
 Call Canine Familiar     Summ           0%         N/A       75%         3
 Summon Guardian Golem    Hex/Summ       0%         N/A       75%         3
 Simulacrum               Ice/Necr       0%         N/A       100%        6
 Ozocubu's Refrigeration  Ice            0%         4d7       100%        7
 Summon Hydra             Summ           0%         N/A       100%        7
 Polar Vortex             Ice            0%         N/A       100%        9


Dungeon Overview and Level Annotations

Branches:
Dungeon (5/15)
 Temple: D:4-7

Altars:

Shops:
D:4 [

Annotations:
D:4 1 runed translucent door, Crazy Yiuf, Eustachio, Grinder


Innate Abilities, Weirdness & Mutations

You are a hulking beast.
Your limbs bulge with bestial killing power. (Slay +2)
Your plain brown scales are hard. (AC +6)
You cannot fit into any form of body armour.
You are cold-blooded and may be slowed by cold attacks.


Message History

Grinder blinks!
There are monsters nearby!
As you read the scroll labelled DIUKLU ODAIDUGH, it crumbles to dust.
Magic quickly surges around you.
It was a scroll of vulnerability.
The sentinel's mark upon you fades away.
As you read the scroll labelled REPHI JOTEPNI, it dissolves into smoke.
It was a scroll of fog.
As you read the scroll labelled REROICKITZI, it crumbles to dust.
You feel aware of your surroundings.
It was a scroll of revelation.
Okay, then.
Unknown command.
Unknown command.
Unknown command.
As you read the scroll labelled VOASYR JOOKHLET, it crumbles to dust.
The air around you briefly surges with heat, but it dissipates.
It was a scroll of immolation.
As you read the scroll labelled ZUOCHUCH SAITAOCA, it crumbles to dust.
Your body is wracked with pain!
It was a scroll of torment.
As you read the scroll labelled TUSOATSEPYL, it crumbles to dust.
You feel strangely unstable.
It was a scroll of teleportation.
Grinder gestures at you. Pain shoots through your body!
Unknown command.
You completely miss Eustachio. Eustachio barely misses you.
Grinder blinks!
You hit Eustachio.
Eustachio is lightly wounded.
Eustachio hits you with a +4 rapier!
* * * LOW HITPOINT WARNING * * *
You hit Eustachio.
Eustachio is lightly wounded.
Eustachio hits you with a +4 rapier!
* * * LOW HITPOINT WARNING * * *
Okay, then.
Unknown command.
Okay, then.
You punch Eustachio! You punch Eustachio.
Eustachio is heavily wounded.
Eustachio hits you with a +4 rapier.
You die...
Eustachio says, "Such is the fate of all honourless rascals."

###############
###############
############### **
############### *,
############### ******,
######.§§.##### *,,,,,,
######§§§§##### *,,,,,,
######§h§§##### *,,,,,,
######§§@§##### *,,,,,,
######.§§§§..## *,,,,,,
######§...§..## *,,,,,,
######....5@.### *****,,
######.........##****,,~
######...........,,,,,,~
######...........****,,,
#....)........****,,,


You could see Eustachio (weak-willed).

Vanquished Creatures
  A scorpion (D:5)
  A jelly (D:5)
  An iguana (D:5)
  An orc wizard (D:5)
  Terence (D:3)
  5 gnolls
  8 adders
  3 worms
  3 dart slugs
  4 orcs
  3 bats
  3 endoplasms
  5 giant cockroaches
  5 goblins
  3 hobgoblins
  2 kobolds
  6 ball pythons
  2 frilled lizards (D:1)
  4 rats
61 creatures vanquished.

Notes
Turn   | Place    | Note
-------+----------+-------------------------------------------
     0 | D:1      | Turgor the Draconian Shapeshifter began the quest for the
                  | Orb.
     0 | D:1      | Reached XP level 1. HP: 16/16 MP: 1/1
   197 | D:1      | Reached XP level 2. HP: 23/23 MP: 2/2
   343 | D:1      | Reached XP level 3. HP: 29/29 MP: 3/3
  1394 | D:2      | Reached XP level 4. HP: 29/36 MP: 4/4
  1905 | D:3      | Noticed Terence
  1917 | D:3      | Killed Terence
  2276 | D:4      | Noticed Grinder
  2298 | D:4      | Noticed Eustachio
  2373 | D:4      | Found a runed translucent door.
  2374 | D:4      | Noticed Crazy Yiuf
  2377 | D:4      | Upgraded the game from 0.31-a0-997-g9a2f3ffc92 to
                  | 0.31-a0-1001-g770356a28f
  2443 | D:4      | Learned a level 2 spell: Wereblood
  2484 | D:4      | Reached XP level 5. HP: 42/42 MP: 5/5
  2495 | D:4      | You fall into a shaft and drop 1 floor!
  2495 | D:5      | Entered Level 5 of the Dungeon
  2518 | D:5      | HP: 2/42 [poisoned by a scorpion]
  2709 | D:5      | Reached XP level 6. HP: 51/51 MP: 6/6
  2938 | D:4      | Found Xiuquajuyt's Antique Armour Boutique.
  2977 | D:4      | Slain by Eustachio

Illustrated notes

Levels and vault maps discovered:
D:1:      psy_arrival_radial01, layout_basic
D:2:      layout_loops_corners, minmay_heptomino_l4
D:3:      layout_rooms, serial_glass, glass_columns_c, glass_columns_a,
          uniq_terence
D:4:      layout_basic, serial_shops, shop, hangedman_decor_opposing,
          corexii_leaking_fountain, uniq_eustachio, uniq_crazy_yiuf_cottage,
          uniq_grinder
D:5:      layout_rooms, mainiacjoe_overflow_tiny_flanked, gammafunk_ghost_grave,
          guppyfry_shop_venom

Skill      XL: |  1  2  3  4  5 |
---------------+----------------+-----
Dodging        | 2 3 |  3.1
Fighting       | 2 3 |  3.2
Shapeshifting  | 4 |  4.8
Unarmed Combat | 4 |  4.1

Action                     |  1- 3 |  4- 6 || total
---------------------------+-------+-------++-------
  Melee: Unarmed           |   105 |   100 ||   205
         Punch             |     3 |     3 ||     6
         Tailslap          |    10 |    12 ||    22
    Use: Scroll            |       |    11 ||    11
         Potion            |       |     2 ||     2
 Armour: Skin              |    47 |   128 ||   175
  Dodge: Dodged            |    66 |    37 ||   103

Table legend: (Time is in decaauts)
 A = Elapsed time spent in this place.
 B = Non-inter-level travel time spent in this place.
 C = Inter-level travel time spent in this place.
 D = Time resting spent in this place.
 E = Time spent auto-exploring this place.
 F = Levels seen in this place.
 G = Mean time per level.
                   A        B        C        D        E       F      G
               +--------+--------+--------+--------+--------+-----+--------+
         Total |   2966 |   2835 |    131 |    242 |   1940 |   5 |  593.2 |
       Dungeon |   2966 |   2835 |    131 |    242 |   1940 |   5 |  593.2 |
               +--------+--------+--------+--------+--------+-----+--------+

Top non-repeatable levels by time:
     D:2: 950 daAuts
     D:1: 931 daAuts
     D:3: 448 daAuts
     D:5: 439 daAuts
     D:4: 196 daAuts
